 Dungeon Crawl Stone Soup version 0.31-a0-261-g072fdb8a1f (webtiles) character file.

Game seed: 16280455836630198296

129 qw the Shooter (level 5, 0/30 HPs)
             Began as a Gargoyle Hexslinger on July 13, 2023.
             Slain by an orc wizard
             ... wielding a +1 dagger of protection
              (5 damage)
             ... on level 3 of the Dungeon.
             The game lasted 00:00:56 (2327 turns).

qw the Shooter (Gargoyle Hexslinger)                Turns: 2327, Time: 00:00:56

Health: 0/30       AC: 12    Str: 12    XL:     5   Next: 12%
Magic:  6/6        EV: 10    Int: 13    God:
Gold:   127        SH:  0    Dex: 14    Spells: 5/6 levels left

rFire   . . .        Y - +1 sling
rCold   . . .        (no shield)
rNeg    + . .        g - +0 ring mail
rPois   inf          k - +1 helmet
rElec   +            (no cloak)
rCorr   .            (no gloves)
SInv    .            j - +0 pair of boots
Will    .....        (no amulet) Stlth
                     (no ring)
HPRegen 0.25/turn    (no ring)
MPRegen 0.10/turn

%: no passive effects
@: confused
A: sickness immunity, AC +4, negative energy resistance 1, electricity
resistance, torment resistance 1, petrification resistance
a: no special abilities


You were on level 3 of the Dungeon.
You visited 1 branch of the dungeon, and saw 3 of its levels.

You collected 157 gold pieces.
You spent 30 gold pieces at shops.


Innate Abilities, Weirdness & Mutations

You are immune to sickness and miasma.
Your stone body is resilient. (AC +4)
You are immune to poison.
You resist negative energy. (rN+)
You are resistant to electric shocks. (rElec)
You are resistant to unholy torment.
You are immune to petrification.


   Skills:
 - Level 2.0 Fighting
 + Level 4.7 Ranged Weapons
 - Level 1.0 Armour
 - Level 1.5 Dodging
 - Level 1.0 Spellcasting
 - Level 2.6 Hexes


You had 5 spell levels left.
You knew the following spells:

 Your Spells              Type           Power      Damage    Failure   Level
a - Slow                  Hex            28%        N/A       22%         1

Your spell library contained the following spells:

 Spells                   Type           Power      Damage    Failure   Level
 Inner Flame              Hex/Fire       4%         N/A       73%         3
 Portal Projectile        Hex/Tloc       8%         N/A       73%         3
 Cause Fear               Hex            3%         N/A       91%         4

Inventory:

Hand Weapons
 Y - a +1 sling (weapon)
Armour
 g - a +0 ring mail (worn)
 j - a +0 pair of boots (worn)
 k - a +1 helmet (worn)
Jewellery
 a - a +4 ring of protection
 i - a ring of see invisible
Potions
 b - a potion of haste
 c - a potion of might {unknown}
 d - a potion of brilliance {unknown}
 e - a potion of enlightenment
 f - a potion of berserk rage {unknown}
 h - 4 potions of curing

Dungeon Overview and Level Annotations

Branches:
Dungeon (3/15)

Altars:
Gozag

Shops:
D:1 (!:

Annotations:
D:2 1 runed translucent door, Crazy Yiuf


Message History

The orc wizard flickers and vanishes!
The quokka closely misses you.
The giant cockroach bites you but does no damage.
Something hits you but does no damage. x2
You shoot a sling bullet. The sling bullet misses the quokka.
An orc wizard appears from thin air!
Reactivating autopickup.
The quokka bites you but does no damage.
The giant cockroach bites you but does no damage.
The orc wizard gestures at you while chanting.
You resist with some effort. Something hits you but does no damage.
Deactivating autopickup; reactivate with Ctrl-A.
The quokka closely misses you.
You shoot a sling bullet.
The sling bullet closely misses the orc wizard.
The giant cockroach bites you but does no damage.
The orc wizard casts a spell at you.
The puff of flame hits you but does no damage.
The quokka barely misses you. Something hits you but does no damage.
The giant cockroach closely misses you.
You shoot a sling bullet.
The sling bullet closely misses the orc wizard.
The quokka barely misses you. The giant cockroach closely misses you.
The orc wizard hits you with a +0 dagger.
Something hits you but does no damage. The quokka closely misses you.
The giant cockroach bites you but does no damage.
The orc wizard hits you but does no damage.
Something hits you.
You shoot a sling bullet. The sling bullet hits the orc wizard.
The orc wizard is moderately wounded.
The quokka barely misses you. The giant cockroach closely misses you.
The orc wizard hits you but does no damage.
Something hits you but does no damage.
You shoot a sling bullet.
The sling bullet barely misses the orc wizard.
The quokka barely misses you.
The giant cockroach bites you but does no damage.
The orc wizard gestures at you while chanting.
You are confused.
Something hits you.
You die...

#...# .......$# #.#.#
........# #.#.#
........#######...# ###
........##.......## #..
........##.###...#####..
................%.......
......o{.#.####..#.###..
.....rB@...# #..#..##..
#.####r.#### #..##..#).
#... #..###.... ......
...# ##... .#######
....####..# #
..#.....#.. ###....
##... #..#


You could see an orc wizard, a quokka, a giant cockroach and a rat.

Vanquished Creatures
  Natasha (twice) (D:2)
  An orc wizard (D:3)
  2 dart slugs
  4 orcs (D:3)
  8 endoplasms
  4 giant cockroaches
  3 goblins
  6 hobgoblins
  A quokka (D:1)
  5 ball pythons
  5 bats
  3 frilled lizards
  4 kobolds
48 creatures vanquished.

Notes
Turn   | Place    | Note
-------+----------+-------------------------------------------
     0 | D:1      | qw the Gargoyle Hexslinger began the quest for the Orb.
     0 | D:1      | Reached XP level 1. HP: 12/12 MP: 2/2
     0 | D:1      | 0 ||| qw: Version: 0.3-a-52-g30416fa
     0 | D:1      | 0 ||| qw: Game counter: 7032
     0 | D:1      | 0 ||| qw: Melee chars always use a shield: true
     0 | D:1      | 0 ||| qw: God list: Okawaru
     0 | D:1      | 0 ||| qw: Allow faded altars: false
     0 | D:1      | 0 ||| qw: Do Orc after clearing Dungeon:15 true
     0 | D:1      | 0 ||| qw: Do second Lair branch before Depths: true
     0 | D:1      | 0 ||| qw: Lair rune preference: random
     0 | D:1      | 0 ||| qw: Goals: Normal
     0 | D:1      | 0 ||| PLANNING D:1-11
    72 | D:1      | Found Inuserch's Antique Weapon Emporium.
   189 | D:1      | Found Feixew's Book Shop.
   228 | D:1      | HP: 3/12 [hobgoblin (3)]
   234 | D:1      | Reached XP level 2. HP: 5/16 MP: 3/3
   411 | D:1      | Reached skill level 3 in Ranged Weapons
   475 | D:1      | Found Kupa's Antique Weapon Boutique.
   542 | D:1      | Found Ymadyenee's Distillery.
   551 | D:1      | 551 ||| BUYING potion of curing (30 gold).
   551 | D:1      | Bought a potion of curing for 30 gold pieces
   551 | D:1      | 551 ||| SHOPLISTING potion of haste (100 gold, have 23).
   551 | D:1      | 551 ||| SHOPLISTING potion of heal wounds (50 gold, have
                  | 23).
   551 | D:1      | 551 ||| SHOPLISTING potion of mutation (80 gold, have 23).
   587 | D:1      | Found a faded altar of an unknown god.
   727 | D:1      | Reached XP level 3. HP: 21/21 MP: 4/4
   901 | D:1      | 901 ||| UPGRADING to +0 ring mail.
   911 | D:1      | 911 ||| DROPPING +0 robe.
   912 | D:1      | 912 ||| UPGRADING to +0 pair of boots.
   917 | D:1      | 917 ||| UPGRADING to +1 helmet.
   922 | D:1      | 922 ||| READING scroll labelled MEANLEL ERUPS.
   923 | D:1      | 923 ||| READING 3 scrolls labelled NENOTIMIMN.
   924 | D:1      | 924 ||| DROPPING scroll of poison.
   925 | D:1      | 925 ||| DROPPING 2 scrolls of immolation.
  1035 | D:2      | Found an opulent altar of Gozag.
  1083 | D:2      | Found a runed translucent door.
  1084 | D:2      | Noticed Crazy Yiuf
  1509 | D:2      | Reached skill level 1 in Armour
  1633 | D:2      | Noticed Natasha
  1638 | D:2      | HP: 4/21 [Natasha (7)]
  1641 | D:2      | Killed Natasha
  1642 | D:2      | Reached XP level 4. HP: 7/26 MP: 5/5
  1743 | D:2      | Noticed Natasha
  1754 | D:2      | Killed Natasha
  1755 | D:2      | Reached skill level 4 in Ranged Weapons
  1959 | D:2      | 1959 ||| READING scroll labelled BAPITE AXTEE.
  1980 | D:2      | 1980 ||| READING scroll labelled AXZAC MUIFYO.
  1981 | D:2      | 1981 ||| DRINKING 2 silvery potions.
  2174 | D:3      | Reached XP level 5. HP: 21/30 MP: 6/6
  2322 | D:3      | HP: 6/30 [something (3)]
  2327 | D:3      | Slain by an orc wizard

Levels and vault maps discovered:
D:1:      elethiomel_arrival_maze, layout_basic, serial_shops,
          nicolae_shop_behind_doors, nicolae_lakefront_shop,
          nicolae_shop_window_shopping, nicolae_shop_rolling_square,
          ebering_ecumenical_altar_petrified
D:2:      layout_loops_corners, basic_altar, uniq_crazy_yiuf_cottage,
          uniq_natasha
D:3:      layout_rooms, kennysheep_donut

Skill      XL: |  1  2  3  4 |
---------------+-------------+-----
Ranged Weapons | 3 4 |  4.7
Fighting       | 2 |  2.0
Armour         | 1 |  1.0
Dodging        | |  1.5
Spellcasting   | |  1.0
Hexes          | |  2.6

Action                     |  1- 3 |  4- 6 || total
---------------------------+-------+-------++-------
   Fire: Sling             |   123 |    93 ||   216
    Use: Scroll            |     2 |     2 ||     4
         Potion            |       |     1 ||     1
 Armour: Robe              |     7 |       ||     7
         Ring mail         |    20 |    94 ||   114
  Dodge: Dodged            |    43 |    67 ||   110

Table legend:
 A = Non-vault XP
 B = Vault XP
 C = Vault XP percentage of total XP
 D = Non-vault monster count
 E = Vault monster count
 F = Vault count percentage of total count
                 A         B        C        D         E       F
            +---------+---------+-------+---------+---------+-------
      Total |     150 |      35 |  18.9 |      47 |       1 |   2.1
            +---------+---------+-------+---------+---------+-------
        D:1 |      34 |       0 |   0.0 |      19 |       0 |   0.0
        D:2 |      50 |      35 |  41.2 |      10 |       1 |   9.1
        D:3 |      66 |       0 |   0.0 |      18 |       0 |   0.0
            +---------+---------+-------+---------+---------+-------
